 Dungeon Crawl Stone Soup version 0.19-a0-812-g33f3bc8 (webtiles) character file.

644 Implojin the Cleaver (level 7, -5/57 HPs)
             Began as a Minotaur Berserker on June 28, 2016.
             Was a Believer of Trog.
             Slain by an ice beast (10 damage)
             ... on level 6 of the Dungeon.
             The game lasted 00:06:04 (1207 turns).

Implojin the Cleaver (Minotaur Berserker)           Turns: 1207, Time: 00:06:05

Health: -5/57      AC:  9    Str: 18 (21) XL:     7   Next: 26%
Magic:  6/6        EV:  3    Int:  1 (4)  God:    Trog [**....]
Gold:   75         SH:  0    Dex: 16 (17) Spells: 0 memorised, 6 levels left

rFire  . . .     SeeInvis .     m - +0 war axe
rCold  . . .     Gourm    .     g - +0 chain mail
rNeg   . . .     Faith    .     (no shield)
rPois  .         Spirit   .     (helmet restricted)
rElec  .         Dismiss  .     t - +0 cloak
rCorr  .         Reflect  .     (no gloves)
SustAt .         Harm     .     (no boots)
MR     ++...                    (no amulet)
Stlth  ..........               (no ring)
                                h - +5 ring of dexterity

@: regenerating, very resistant to hostile enchantments, extremely unstealthy
A: retaliatory headbutt, horns 2
a: Berserk, Trog's Hand, Burn Spellbooks, Renounce Religion


You were on level 6 of the Dungeon.
You worshipped Trog.
Trog was pleased with you.
You were very hungry.

You visited 1 branch of the dungeon, and saw 6 of its levels.

You collected 75 gold pieces.

Inventory:

Hand Weapons
 a - a +0 hand axe
 m - a +0 war axe (weapon)
Missiles
 f - 8 tomahawks (quivered)
Armour
 b - a +0 animal skin
 g - a +0 chain mail (worn)
 t - a +0 cloak (worn)
Jewellery
 h - a +5 ring of dexterity (left hand)
 l - an uncursed amulet of harm
Scrolls
 e - a scroll of amnesia {unknown}
 i - a scroll of teleportation {unknown}
 q - a scroll of remove curse {unknown}
 r - a scroll of random uselessness
 s - a scroll of identify {unknown}
Potions
 k - a potion of flight
 p - a potion of degeneration
Comestibles
 c - 3 bread rations
 d - a meat ration
 j - a slice of pizza
 n - a beef jerky


   Skills:
 - Level 3.6 Fighting
 * Level 10.1 Axes
 - Level 2.4 Armour
 - Level 2.1 Dodging


You had 6 spell levels left.
You didn't know any spells.

Dungeon Overview and Level Annotations

Branches:
Dungeon (6/15)             Temple (0/1) D:5

Altars:
Fedhas
Qazlal

Shops:
D:4 (   D:5 [


Innate Abilities, Weirdness & Mutations

You reflexively headbutt those who attack you in melee.
You have a pair of horns on your head.


Message History

You open the door.
An ice beast comes into view.
Found 20 gold pieces.
The ice beast hits you but does no damage.
Found a scroll labeled KOEDYM JANECE.
There is an open door here.
You hit the ice beast.
The ice beast is lightly wounded.
The ice beast hits you but does no damage.
You hit the ice beast.
The ice beast is lightly wounded.
The ice beast hits you. The ice beast freezes you!
* * * LOW HITPOINT WARNING * * *
You slash the ice beast!
The ice beast is heavily wounded.
The ice beast barely misses you.
You barely miss the ice beast.
The ice beast is heavily wounded.
The ice beast hits you.
* * * LOW HITPOINT WARNING * * *
The ice beast freezes you!
* * * LOW HITPOINT WARNING * * *
Your skin crawls.
You feel resistant to hostile enchantments.
You feel somewhat more hungry.
The ice beast hits you but does no damage.
You hit the ice beast but do no damage. Your headbutt misses the ice beast.
The ice beast is moderately wounded.
The ice beast hits you but does no damage.
You completely miss the ice beast.
The ice beast is moderately wounded.
The ice beast hits you.
* * * LOW HITPOINT WARNING * * *
The ice beast freezes you.
* * * LOW HITPOINT WARNING * * *
There is a stone staircase leading up here.
The ice beast hits you.
* * * LOW HITPOINT WARNING * * *
The ice beast freezes you!
You die...

#####
#.Y@#
#.###
#.# #.#
#.# #.#
#.# #'#
#......#


You could see an ice beast.

Vanquished Creatures
  The ghost of uglyjohn the Digger, an amateur GrEE of Vehumet (D:5)
  Duvessa (D:5)
  A giant frog (D:4)
  Dowan (D:5)
  A scorpion (D:4)
  A water moccasin skeleton (D:4)
  A giant frog zombie (D:5)
  A hound (D:4)
  A jelly (D:5)
  Crazy Yiuf (D:5)
  A worker ant (D:4)
  2 adders
  2 oozes
  A worm (D:2)
  A giant gecko (D:5)
  2 bats (D:2)
  2 giant cockroaches
  2 goblins (D:2)
  3 hobgoblins
  A giant newt (D:2)
  A kobold (D:2)
  A rat (D:1)
29 creatures vanquished.

Notes
Turn   | Place    | Note
--------------------------------------------------------------
     0 | D:1      | Implojin the Minotaur Berserker began the quest for the Orb.
     0 | D:1      | Reached XP level 1. HP: 19/19 MP: 0/0
    18 | D:1      | Reached skill level 4 in Axes
    36 | D:1      | Reached XP level 2. HP: 15/26 MP: 1/1
   125 | D:2      | Reached skill level 5 in Axes
   184 | D:2      | Reached XP level 3. HP: 26/31 MP: 2/2
   322 | D:5      | Entered Level 5 of the Dungeon
   322 | D:5      | Found a staircase to the Ecumenical Temple.
   322 | D:5      | Found Egod's Antique Armour Shoppe.
   322 | D:5      | Noticed Duvessa
   322 | D:5      | Noticed uglyjohn's ghost (amateur GrEE)
   645 | D:4      | Reached XP level 4. HP: 39/39 MP: 3/3
   697 | D:4      | Reached skill level 6 in Axes
   699 | D:4      | Noticed a giant frog
   704 | D:4      | Killed a giant frog
   704 | D:4      | Reached skill level 7 in Axes
   704 | D:4      | Reached XP level 5. HP: 25/45 MP: 4/4
   717 | D:4      | Reached skill level 8 in Axes
   727 | D:3      | Found a stormy altar of Qazlal.
   728 | D:3      | Found a blossoming altar of Fedhas.
   768 | D:5      | Noticed Dowan
   769 | D:5      | Killed Dowan
   769 | D:5      | Reached XP level 6. HP: 34/51 MP: 5/5
   780 | D:4      | Found Putasik's Weapon Boutique.
   902 | D:5      | Found a runed door.
   906 | D:5      | Noticed Crazy Yiuf
   910 | D:5      | Killed Crazy Yiuf
   910 | D:5      | Reached ** piety under Trog
   970 | D:5      | Killed Duvessa
   970 | D:5      | Reached skill level 9 in Axes
   975 | D:5      | Killed uglyjohn's ghost
   975 | D:5      | Reached skill level 10 in Axes
   975 | D:5      | Reached XP level 7. HP: 8/57 MP: 6/6
   993 | D:5      | HP: 1/57 [acid (7)]
  1207 | D:6      | Slain by an ice beast

Vault maps used:
D:1:      lightli_iron_boxes
D:2:      gammafunk_temple_overflow_pools, minmay_statues_item, minmay_tall_x
D:3:      grunt_temple_overflow_forces_of_nature, cheibriados_altar_1,
          ecumenical_altar_1, nicolae_ru_great_annihilating_truth
D:4:      serial_shops, shop, serial_bayou, serial_bayou_pond_e,
          serial_bayou_crossing, serial_bayou_shore_b, serial_bayou_lagoon_a,
          first_bread
D:5:      trog_eyes_of_draining, serial_shops,
          nicolae_shop_temple_entry_statues_fountains, uniq_duvessa,
          uniq_crazy_yiuf_cottage

Skill      XL: |  1  2  3  4  5  6 |
---------------+-------------------+-----
Axes           | 4 5 7 8 10 | 10.1
Fighting       | |  3.6
Armour         | |  2.4
Dodging        | |  2.1

Action                   |  1- 3 |  4- 6 |  7- 9 || total
-------------------------+-------+-------+-------++-------
Melee: Hand axe          |    39 |       |       ||    39
       Headbutt          |    12 |    12 |       ||    24
       War axe           |     4 |    29 |     8 ||    41
Invok: Berserk           |     1 |     1 |       ||     2
       Trog's Hand       |       |       |     1 ||     1
  Use: Potion            |       |       |     4 ||     4
       Scroll            |       |       |     1 ||     1
  Eat: Chunk             |       |     1 |     1 ||     2
Armor: Animal skin       |     4 |       |       ||     4
       Chain mail        |    15 |    13 |     9 ||    37
Dodge: Dodged            |    26 |    10 |     2 ||    38

Table legend:
 A = Turns spent in this place as a percentage of turns spent in the entire game.
 B = Non-inter-level travel turns spent in this place as a percentage of non-inter-level travel turns spent in the entire game.
 C = Inter-level travel turns spent in this place as a percentage of turns spent in this place.
 D = Turns resting spent in this place as a percentage of non-inter-level travel turns spent in this place.
 E = Turns spent auto-exploring this place as a percentage of non-inter-level travel turns spent in this place.
 F = Non-inter-level travel turns spent in this place divided by the number of levels of this place that you've seen.
                   A       B       C       D       E      F
               +-------+-------+-------+-------+-------+----------------------
         Total | 100.0 | 100.0 |   0.0 |   1.9 |   0.0 | 122.2
       Dungeon | 100.0 | 100.0 |   0.0 |   1.9 |   0.0 | 122.2
               +-------+-------+-------+-------+-------+----------------------

Table legend:
 A = Kills in this place as a percentage of kills in entire the game.
 B = Kills by you in this place as a percentage of kills by you in the entire game.
 C = Kills by friends in this place as a percentage of kills by friends in the entire game.
 D = Other kills in this place as a percentage of other kills in the entire game.
 E = Experience gained in this place as a percentage of experience gained in the entire game.
 F = Experience gained in this place divided by the number of levels of this place that you have seen.
                   A       B       C       D       E      F
               +-------+-------+-------+-------+-------+----------------------
         Total | 100.0 | 100.0 |  -nan |  -nan | 100.0 | 153.3
       Dungeon | 100.0 | 100.0 |  -nan |  -nan | 100.0 | 153.3
               +-------+-------+-------+-------+-------+----------------------
